 Dungeon Crawl Stone Soup version 0.31-a0-1447-g87ca8d402b (webtiles) character file.

Game seed: 538693177979750534

3545 RedTroll the Grappler (level 9, -1/94 (96) HPs)
             Began as a Troll Fighter on Dec 27, 2023.
             Was a Believer of Okawaru.
             Slain by a white ugly thing (13 damage)
             ... on level 7 of the Dungeon.
             The game lasted 00:12:10 (6672 turns).

RedTroll the Grappler (Troll Fighter)               Turns: 6672, Time: 00:12:10

HP:   -1/94 (96)    AC:  5    Str: 30    XL:     9   Next: 83%
MP:   8/8           EV:  9    Int:  2    God:    Okawaru [**....]
Gold: 267           SH: 12    Dex: 17    Spells: 8/8 levels left

rFire   . .          .
                       - Unarmed
rCold   . . .        b - +1 kite shield
rNeg    . . .        g - +1 robe {Will+}
rPois   .            (helmet restricted)
rElec   .            s - scarf {+Inv}
rCorr   .            (gloves unavailable)
SInv    .            (boots unavailable)
Will    ++...        (no amulet)
Stlth   +++          c - ring of willpower
HPRegen 1.15/turn    d - +6 ring of dexterity
MPRegen 0.11/turn

%: no passive effects
@: about to teleport, lightly drained
A: large, unfitting armour, claws 3, regeneration 1, shaggy fur 1, tough skin 1,
hooves 1, thin skeletal structure 1, dopey 1
a: Renounce Religion, Evoke Invisibility, Heroism


You were on level 7 of the Dungeon.
You worshipped Okawaru.
Okawaru was pleased with you.
You visited 2 branches of the dungeon, and saw 8 of its levels.

You collected 267 gold pieces.

Inventory:

Missiles
 v - 2 throwing nets
Armour
 a - a +0 robe
 b - a +1 kite shield (worn)
 g - a +1 robe of willpower (worn)
 s - a scarf of invisibility (worn)
Jewellery
 c - a ring of willpower (left claw)
 d - a +6 ring of dexterity (right claw)
Wands
 j - a wand of light (4)
 q - a wand of flame (32)
 u - a wand of paralysis (14)
 w - a wand of iceblast (3)
Scrolls
 e - a scroll of fear
 f - 2 scrolls of fog
 h - a scroll of immolation {unknown}
 n - 2 scrolls of vulnerability {unknown}
 o - a scroll of revelation
 p - 2 scrolls of noise {unknown}
 r - 3 scrolls of identify
Potions
 k - a potion of degeneration
 l - a potion of might
 m - a potion of enlightenment
 t - 2 potions of heal wounds {unknown}


   Skills:
 + Level 7.8 Fighting
 - Level 2.4 Dodging
 + Level 6.8 Shields
 + Level 9.0 Unarmed Combat


You had 8 spell levels left.
You didn't know any spells.
Your spell library contained the following spells:

 Spells                   Type           Power      Damage    Failure   Level
 Freeze                   Ice            0%         1d3       75%         1
 Ensorcelled Hibernation  Hex/Ice        0%         N/A       86%         2
 Frozen Ramparts          Ice            0%         1d1       98%         3
 Hailstorm                Conj/Ice       0%         3d5       98%         3


Dungeon Overview and Level Annotations

Branches:
Dungeon (7/15)             Temple (1/1) D:5

Altars:
Elyvilon
Hepliaklqana
Kikubaaqudgha
Makhleb
Nemelex Xobeh
Okawaru
Qazlal
Ru
Uskayaw
Xom
The Shining One

Annotations:
D:6 Asparus's ghost, novice DsCj


Innate Abilities, Weirdness & Mutations

You are too large for most types of armour.
You have claws for hands.
Your natural rate of healing is unusually fast.
You are covered in fur. (AC +1)
You have tough skin. (AC +1)
You have large cloven feet.
You have a somewhat thin skeletal structure. (Dex +2, Stealth+)
You are dopey. (Int -2)


Message History

You see here a +0 short sword.
Found an escape hatch in the ceiling.
There is an escape hatch in the ceiling here.
There is a stone staircase leading down here.
You open the door.
Nemelex Xobeh says, "Care for a little wager, mortal?" "Beware!
This is a limited time offer!"
Found a runed dagger and a scroll of teleportation.
Found a sparkling altar of Nemelex Xobeh.
Found a transporter.
Found a glowing ring mail.
The white ugly thing gurgles horribly!
The cyclops shouts!
There is an open door here.
Unknown command.
Unknown command.
Found a wand of iceblast (10).
There is a transporter here.
Okay, then.
Unknown command.
Nemelex Xobeh says, "You lose!"
A transporter appears.
You enter the transporter and appear at another place.
The white ugly thing attacks as it pursues you!
You block the white ugly thing's attack.
The white ugly thing pecks you. The white ugly thing freezes you!!
As you read the scroll of teleportation, it crumbles to dust.
You feel strangely unstable.
You block the white ugly thing's attack.
Unknown command.
The white ugly thing attacks as it pursues you!
You block the white ugly thing's attack.
Unknown command.
The cyclops throws a large rock.
You block the large rock. The white ugly thing pecks you!
The white ugly thing freezes you!!
* * * LOW HITPOINT WARNING * * *
Unknown command.
The white ugly thing pecks you!
* * * LOW HITPOINT WARNING * * *
The white ugly thing freezes you!
You die...

.# #.#
▓©?8..▓#...........≈≈
.###.#
###▓..)[.▓####..#.#...~~
..##.#
##.#▓⌠...⌠▓####..#.#...~~
.%.#.#
#..#▓▓▓▓▓▓▓#.....#.###.P~
.....#
#..##§.....####.##.# #..~
.....# #..##©_....'....#
.# .~~
..#..####..##§.....######
..≈ ...........#▓▓▓▓▓▓▓#
~. .####.###.##▓⌠..@⌠▓###
.. .# #......#▓...u.▓#.#
.. .# #.....##▓©...©▓#.#
. ## #.##### ▓..C..▓#.#
#####.# ▓⌠...⌠▓#.#
......# ▓▓▓▓▓▓▓#.#
##.#################.#
#.>...............<.#
#####################


You could see a white ugly thing and a cyclops.

Vanquished Creatures
  A kobold demonologist (D:6)
  Sigmund (D:2)
  2 water moccasins
  2 sky beasts
  A black bear (D:6)
  2 ice beasts
  A centaur (D:7)
  A phantom (D:4)
  Blork the orc (D:5)
  9 kobold brigands (D:6)
  2 scorpions (D:4)
  4 bullfrogs
  5 wights (D:7)
  2 electric eels (D:7)
  2 howler monkeys
  3 orc priests (D:7)
  3 hounds
  3 bombardier beetles
  A jelly (D:4)
  Natasha (D:3)
  Jessica (D:3)
  4 sleepcaps
  2 iguanas
  4 orc wizards
  4 adders
  4 gnolls (D:7)
  A shadow imp (D:7)
  2 ufetubi (D:5)
  2 adder zombies (D:2)
  2 worms (D:4)
  6 dart slugs
  21 orcs
  3 ball pythons
  5 endoplasms
  3 giant cockroaches
  4 goblins
  8 hobgoblins
  3 quokkas
  A ball python skeleton (D:2)
  4 bats
  A frilled lizard (D:1)
  6 kobolds
  7 rats
145 creatures vanquished.

Notes
Turn   | Place    | Note
-------+----------+-------------------------------------------
     0 | D:1      | RedTroll the Troll Fighter began the quest for the Orb.
     0 | D:1      | Reached XP level 1. HP: 22/22 MP: 0/0
    62 | D:1      | Reached XP level 2. HP: 29/29 MP: 1/1
   351 | D:1      | Reached XP level 3. HP: 25/37 MP: 2/2
   588 | D:1      | Reached skill level 3 in Unarmed Combat
   975 | D:2      | Noticed Sigmund
  1142 | D:2      | Killed Sigmund
  1143 | D:2      | Reached skill level 4 in Unarmed Combat
  1143 | D:2      | Reached XP level 4. HP: 33/48 MP: 3/3
  1143 | D:2      | Reached XP level 5. HP: 37/54 MP: 4/4
  1338 | D:2      | Found a glowing golden altar of the Shining One.
  1489 | D:3      | Reached XP level 6. HP: 54/63 MP: 5/5
  1511 | D:3      | Noticed Jessica
  1521 | D:3      | Killed Jessica
  1534 | D:3      | Got Jessica's Atlas of the Oath
  1550 | D:3      | Noticed Natasha
  1559 | D:3      | Killed Natasha
  1560 | D:3      | Reached skill level 5 in Unarmed Combat
  1775 | D:3      | You fall into a shaft and drop 1 floor!
  2074 | D:4      | Reached skill level 5 in Fighting
  2074 | D:4      | Reached XP level 7. HP: 72/72 MP: 6/6
  2580 | D:4      | Reached skill level 6 in Unarmed Combat
  2822 | D:5      | Entered Level 5 of the Dungeon
  3118 | D:5      | Noticed Blork the orc
  3299 | D:5      | Killed Blork the orc
  3584 | D:5      | Reached XP level 8. HP: 83/83 MP: 7/7
  3908 | D:5      | Found a staircase to the Ecumenical Temple.
  3995 | Temple   | Entered the Ecumenical Temple
  4006 | Temple   | Became a worshipper of Warmaster Okawaru
  4404 | D:6      | Found a runed translucent gate.
  4404 | D:6      | Noticed a kobold demonologist
  4405 | D:6      | Found a runed translucent gate.
  4406 | D:6      | Found a runed translucent gate.
  4559 | D:6      | Noticed Asparus's ghost (novice DsCj)
  4575 | D:6      | Reached skill level 7 in Unarmed Combat
  4621 | D:6      | Reached * piety under Okawaru
  4746 | D:6      | Reached skill level 5 in Shields
  5323 | D:6      | Reached XP level 9. HP: 81/90 MP: 8/8
  5355 | D:6      | Noticed a smoke demon
  5360 | D:6      | Killed a kobold demonologist
  5360 | D:6      | Reached ** piety under Okawaru
  5380 | D:6      | Reached skill level 8 in Unarmed Combat
  5435 | D:6      | HP: 3/93 [poisoned by a kobold brigand (curare-tipped
                  | dart)]
  5436 | D:6      | Gained mutation: You are partially covered in iridescent
                  | scales. (AC +2) [potion of mutation]
  5436 | D:6      | Gained mutation: You are frail. (-10% HP) [potion of
                  | mutation]
  5437 | D:6      | Lost mutation: You are frail. (-10% HP) [potion of
                  | mutation]
  5437 | D:6      | Lost mutation: You are partially covered in iridescent
                  | scales. (AC +2) [potion of mutation]
  5437 | D:6      | Gained mutation: You have large cloven feet. [potion of
                  | mutation]
  5437 | D:6      | Gained mutation: You have a somewhat thin skeletal
                  | structure. (Dex +2, Stealth+) [potion of mutation]
  5437 | D:6      | Gained mutation: You are dopey. (Int -2) [potion of
                  | mutation]
  5437 | D:6      | HP: 1/93 [poisoned by a kobold brigand (curare-tipped
                  | dart)]
  6554 | D:7      | Reached skill level 9 in Unarmed Combat
  6658 | D:7      | Found a sparkling altar of Nemelex Xobeh.
  6658 | D:7      | Found a transporter.
  6658 | D:7      | Noticed a white ugly thing
  6659 | D:7      | Noticed a cyclops
  6672 | D:7      | Slain by a white ugly thing

Illustrated notes

Levels and vault maps discovered:
D:1:      onia_arrival_mini_spirals, layout_loops_ring
D:2:      layout_rooms, serial_undead, serial_undead_e, serial_undead_d,
          serial_undead_c, serial_undead_f, serial_undead_c, basic_altar,
          uniq_sigmund
D:3:      layout_basic, marbit_many_paths, cheibrodos_worm_habitat, minitemple,
          dreamdust_ecumenical_altar_angels_and_demons, corexii_shack,
          minmay_misc_feat_chi, kennysheep_jessica_study, uniq_natasha
D:4:      layout_basic, minmay_misc_feat_hallway, serial_bayou_lake_a
D:5:      layout_gridville, temple_hall, uniq_blork_the_orc
D:6:      layout_cave_pods, gammafunk_ghost_nasty_kobolds, st_stairs_12,
          minmay_tree_intersection
D:7:      layout_loops_ring, grunt_nemelex_the_gamble, chequers_big_river
Temple:   compressed_dpeg_circular_temple

Skill      XL: |  1  2  3  4  5  6  7  8  9 |
---------------+----------------------------+-----
Fighting       | 3 4 5 6 7 |  7.8
Unarmed Combat | 4 5 6 7 9 |  9.0
Shields        | 3 5 6 |  6.8
Dodging        | |  2.4

Action                     |  1- 3 |  4- 6 |  7- 9 || total
---------------------------+-------+-------+-------++-------
  Melee: Unarmed           |    81 |    79 |   265 ||   425
         Kick              |       |       |    20 ||    20
 Invoke: Heroism           |       |       |     1 ||     1
    Use: Scroll            |     1 |     4 |     8 ||    13
         Potion            |     1 |     4 |     4 ||     9
   Stab: Sleeping          |     1 |       |     1 ||     2
 Armour: Robe              |    58 |    46 |   180 ||   284
  Dodge: Dodged            |    20 |    25 |    96 ||   141
  Block: Kite shield       |    35 |    17 |   159 ||   211

Table legend: (Time is in decaauts)
 A = Elapsed time spent in this place.
 B = Non-inter-level travel time spent in this place.
 C = Inter-level travel time spent in this place.
 D = Time resting spent in this place.
 E = Time spent auto-exploring this place.
 F = Levels seen in this place.
 G = Mean time per level.
                   A        B        C        D        E       F      G
               +--------+--------+--------+--------+--------+-----+--------+
         Total |   6697 |   6362 |    335 |   1784 |   3298 |   8 |  837.1 |
       Dungeon |   6675 |   6352 |    323 |   1784 |   3298 |   7 |  953.6 |
        Temple |     22 |     11 |     11 |      0 |      0 |   1 |   22.0 |
               +--------+--------+--------+--------+--------+-----+--------+

Top non-repeatable levels by time:
     D:6: 1720 daAuts
     D:4: 1253 daAuts
     D:1: 1051 daAuts
     D:5: 932 daAuts
     D:7: 921 daAuts
     D:3: 432 daAuts
     D:2: 363 daAuts
  Temple: 22 daAuts
